Cogmind - Beta 16.1 @@@ ROGUE MODE // 2026.02.21 @ 02:07:31 Player: parasect Result: Destroyed by D-53 Grenadier with Mini Grenade Launcher Performance ------------- Evolutions (0) 0 Regions Visited (2) 400 Robots Destroyed (33) 165 Value Destroyed (667) 667 Prototype IDs (0) 0 Alien Tech Used (0) 0 Bonus (0) 0 TOTAL SCORE: 1232 Bonus ------- None Cogmind --------- Core Integrity 0/250 Matter 192/300 Energy 99/100 System Corruption 11% Temperature Cool (0) Movement Core (350) Ox6 Location -10/Mines Parts ------- > --- POWER (1) -------- (None) > --- PROPULSION (2) --- (None) > --- UTILITY (2) ------ Large Storage Unit > --- WEAPON (2) ------- (None) > --- INVENTORY (15) --- Ion Engine Light Treads Light Treads Medium Matter Pod (100) Light Armor Plating Light Armor Plating Heavy Assault Rifle Heavy Assault Rifle Heavy Assault Rifle Autogun Autogun Autogun Autogun Rocket Launcher Datajack Peak State ------------ > --- POWER ------------ Light Ion Engine > --- PROPULSION ------- Aluminum Leg Aluminum Leg > --- UTILITY ---------- Heat Sink Large Storage Unit > --- WEAPON ----------- Autogun Autogun > --- INVENTORY -------- Ion Engine Light Ion Engine Light Treads Light Treads Compact Wheel Compact Wheel Small Storage Unit Seismic Detector Medium Laser Small Laser Small Laser Autogun Autogun Mini Grenade Launcher Mini Grenade Launcher [Rating: 10] Favorites ----------- Power Light Ion Engine Engine Light Ion Engine Propulsion Aluminum Leg Leg Aluminum Leg Utility Large Storage Unit Device Heat Sink Storage Large Storage Unit Weapon Small Laser Energy Gun Small Laser Ballistic Gun Heavy Assault Rifle Launcher Mini Grenade Launcher Build | -11 -10 -10 ------- Run | Yrd Mat Min Slots Evolved . | . . . Power . | . . . Propulsion . | . . . Utility . | . . . Weapon . | . . . Parts Attached 15 | 1 10 4 Power 2 | . 1 1 Engine 2 | . 1 1 Core . | . . . Reactor . | . . . Propulsion 2 | . 1 1 Treads . | . . . Leg 2 | . 1 1 Wheel . | . . . Hover . | . . . Flight . | . . . Utility 3 | 1 2 . Device 2 | 1 1 . Storage 1 | . 1 . Processor . | . . . Hackware . | . . . Protection . | . . . Artifact . | . . . Weapon 8 | . 6 2 Energy Gun 3 | . 3 . Energy Cannon . | . . . Ballistic Gun 3 | . 2 1 Ballistic Cannon . | . . . Launcher 2 | . 1 1 Special Weapon . | . . . Impact Weapon . | . . . Slashing Weapon . | . . . Piercing Weapon . | . . . Special Melee Weapon . | . . . Unidentified Prototypes . | . . . Parts Lost 8 | . 1 7 Power 3 | . 1 2 Propulsion 2 | . . 2 Utility 1 | . . 1 Weapon 2 | . . 2 Highest Loss Streak 6 | . 1 6 To Critical Strikes . | . . . Average Backups 13 | 6 13 15 Power 1 | 1 1 1 Propulsion 2 | 4 3 2 Utility 2 | . 2 3 Weapon 6 | 1 6 8 Tool/Special . | . . . Unused Backups 25 | . 12 13 Power 2 | . 1 1 Propulsion 9 | . 6 3 Utility 5 | . 2 3 Weapon 8 | . 3 5 Tool/Special 1 | . . 1 Average Slot Usage (%) 99 | . 99 98 Engine 13 | . 13 13 Leg 27 | . 28 27 Device 13 | . 14 13 Storage 14 | . 14 14 Energy Gun 19 | . 23 13 Ballistic Gun 7 | . 4 13 Peak Build Rating 10 | 7 10 10 Average Rating 9 | 6 9 9 On Entrance 7 | 6 7 10 Avg Prop Armor Cover (%) . | . . . Naked Turns . | . . . Heaviest Build 28 | 13 28 28 Greatest Support 20 | 20 20 20 Greatest Overweight (x) 6 | . 1 6 Average Overweight (x) . | . . 1 Largest Inventory Capacity 15 | 8 15 15 Average Capacity 14 | 8 14 15 Most Carried 15 | 6 15 15 Average Carried 13 | 6 13 15 Final Capacity 15 | 8 15 15 Final Carried 15 | 6 15 15 Class Distribution -------------------- 76% | Mutant 23% | Scavenger-Mutant Dominant Class ---------------- Mutant | -10/Materials Scavenger-Mutant | -10/Mines Resources | -11 -10 -10 ----------- Run | Yrd Mat Min Matter Collected 556 | 210 291 55 Remotely . | . . . Salvage Created 892 | 104 669 119 Parts 60 | 4 31 25 Haulers Intercepted 1 | . 1 . Recyclers Shooed 1 | . . 1 Parts Field Recycled . | . . . Retrieved Matter . | . . . Parts Self-Destructed . | . . . Prevented . | . . . Parts Restored . | . . . Kills | -11 -10 -10 ------- Run | Yrd Mat Min Combat Hostiles Destroyed 24 | . 10 14 Guns 6 | . 6 . AOE 18 | . 4 14 Classes Destroyed 8 | 2 5 1 Builder 1 | . 1 . Tunneler 1 | 1 . . Hauler 1 | . 1 . Recycler 3 | 1 2 . Operator 1 | . 1 . Watcher 2 | . 2 . Swarmer 12 | . . 12 Grunt 12 | . 10 2 Best Kill Streak 6 | 2 5 6 Combat Bots Only 6 | . 4 6 Max Kills in Single Turn 3 | 1 2 3 Gunslinging . | . . . Exploded 3 | . 2 3 Melee . | . . . Uniques/NPCs Destroyed . | . . . Combat | -11 -10 -10 -------- Run | Yrd Mat Min Hostile Shots Fired 71 | . 32 39 Missed 18 | . 8 10 Hits 53 | . 24 29 Melee 2 | . . 2 Projectile 51 | . 24 27 AOE 6 | . . 6 Damage Taken 922 | . 296 626 Core 298 | . 38 260 Absorbed by Shields . | . . . Core Remaining (%) 100 | 100 . . Volleys Fired 63 | 6 46 11 Largest 2 | 2 2 2 Hottest 80 | 80 80 63 Shots Fired 111 | 12 87 12 Gun 97 | 12 82 3 Cannon . | . . . Launcher 14 | . 5 9 Special . | . . . Kinetic 6 | . 4 2 Thermal 67 | . 66 1 Explosive 14 | . 5 9 Electromagnetic 24 | 12 12 . Robot Hit Streak 6 | 5 6 4 Robot Miss Streak 4 | 1 4 2 Penetration Max . | . . . Secondary Targets . | . . . Shots Hit Robots 62 | 8 48 6 Core Hits 47 | 3 29 15 Critical Kills . | . . . Critical Parts Destroyed . | . . . Critical Strikes . | . . . Melee Attacks . | . . . Impact . | . . . Slashing . | . . . Piercing . | . . . Sneak Attacks . | . . . Combat Hostiles . | . . . Follow-up Attacks . | . . . Damage Inflicted 1879 | 118 920 841 Guns 711 | 118 577 16 Cannons . | . . . Explosions 1165 | . 343 822 Melee . | . . . Ramming 3 | . . 3 Kinetic 48 | . 32 16 Thermal 444 | . 444 . Explosive 1132 | . 310 822 Electromagnetic 252 | 118 134 . Impact . | . . . Slashing . | . . . Piercing . | . . . Highest Corruption 11 | . . 11 Average Corruption 11 | . . 11 Corruption Purged . | . . . Corruption Blocked . | . . . Effects 1 | . . 1 Matter Fused 1 | . . 1 Overload Shots . | . . . Overflow Damage 5 | . . 5 Projectiles . | . . . Explosions 5 | . . 5 Melee . | . . . Knockbacks . | . . . Impact . | . . . Kinetic . | . . . Secondary . | . . . Self-Inflicted Damage 58 | . . 58 Shots 3 | . . 3 Rammed . | . . . Targets Rammed 2 | . . 2 Kicked 2 | . . 2 Crushed . | . . . Highest Temperature 108 | 108 18 5 Average Temperature 22 | 55 3 2 Received Heat Transfer 255 | . 168 87 Siege Activations . | . . . Martial Activations . | . . . Shielding Activations . | . . . Robots Disrupted . | . . . Combat Hostiles . | . . . Robots Corrupted . | . . . Combat Hostiles . | . . . Parts Fried . | . . . Impact Corruptions . | . . . Robots Melted . | . . . Combat Hostiles . | . . . Parts Melted 1 | . 1 . Heat Transferred 1025 | . 1025 . Parts Sabotaged . | . . . Parts Stolen . | . . . Parts Stripped . | . . . Power Chain Reactions 1 | . 1 . Alert | -11 -10 -10 ------- Run | Yrd Mat Min Maximum Alert Level 1 | . 1 1 Low Security (%) 83 | 100 93 64 Level 1 16 | . 6 35 Level 2 . | . . . Level 3 . | . . . Level 4 . | . . . Level 5 . | . . . High Security . | . . . Max Security . | . . . Peak Influence 304 | 10 212 304 Initial 31 | . . 31 Average 116 | 1 92 164 Influence Increases 855 | 10 442 403 Destroy 0b10 Robot/C 480 | . 200 280 Destroy 0b10 Robot/NC 45 | 10 35 . Destroy Leader 106 | . 56 50 Successful Hack 17 | . 17 . Select Force Hacks 60 | . 60 . Disable Machine 30 | . 15 15 Destroy Structure 87 | . 29 58 Lose Combat Pursuer 30 | . 30 . Influence Decreases 829 | 10 362 457 Entered New Map 49 | . . 49 Time Decay 680 | 10 352 318 Lost Part 80 | . 10 70 Lost Ally 20 | . . 20 Squads Dispatched 5 | . 5 . Investigation 3 | . 3 . Extermination . | . . . Reinforcement 2 | . 2 . Assault . | . . . Garrison . | . . . Intercept . | . . . Searches Triggered . | . . . Construction Impeded . | . . . Haulers Reinforced . | . . . Active Scanning Responses . | . . . Cargo Convoy Interrupts . | . . . Stealth | -11 -10 -10 --------- Run | Yrd Mat Min Distress Signals 1 | . 1 . Communications Jammed . | . . . Distress Signals . | . . . Times Spotted 39 | . 19 20 Peak Tracking Total 5 | . 4 5 Tactical Retreats 2 | . 2 . Traps | -11 -10 -10 ------- Run | Yrd Mat Min Traps Triggered 1 | . 1 . Indirectly . | . . . Trap Hack Attempts . | . . . Triggered . | . . . Disarmed . | . . . Reprogrammed . | . . . Reused . | . . . Traps Extracted . | . . . Installed . | . . . Triggered . | . . . Machines | -11 -10 -10 ---------- Run | Yrd Mat Min Machines Disabled 2 | . 1 1 Max in Single Turn 1 | . 1 1 Machines Repaired . | . . . Machines Dismantled . | . . . Machines Sabotaged . | . . . Overloaded Fab Kills . | . . . Hacking | -11 -10 -10 --------- Run | Yrd Mat Min Machines Accessed 8 | . 7 1 Terminals 6 | . 5 1 Fabricators . | . . . Repair Stations . | . . . Recycling Units 2 | . 2 . Scanalyzers . | . . . Garrison Access . | . . . Total Hacks 18 | . 15 3 Successful 7 | . 6 1 Failed 10 | . 8 2 Catastrophic 1 | . 1 . Database Lockouts 1 | . 1 . Manual 17 | . 14 3 Terminals 15 | . 12 3 Fabricators . | . . . Repair Stations . | . . . Recycling Units 3 | . 3 . Scanalyzers . | . . . Garrison Access . | . . . Terminal Hacks 4 | . 3 1 Part Schematic 2 | . 2 . Robot Analysis 2 | . 1 1 Fabricator Hacks . | . . . Repair Station Hacks . | . . . Recycling Unit Hacks . | . . . Scanalyzer . | . . . Garrison Access Hacks . | . . . Unauthorized Hacks 3 | . 3 . Terminals 1 | . 1 . Botnet 1 | . 1 . Fabricators . | . . . Repair Stations . | . . . Recycling Units 2 | . 2 . Tunnel 2 | . 2 . Scanalyzers . | . . . Garrison Access . | . . . Data Cores Recovered . | . . . Used . | . . . Hacking Detections 6 | . 5 1 Full Trace Events . | . . . Feedback Events . | . . . Feedback Blocked . | . . . Robot Schematics Acquired . | . . . Robots Built . | . . . Authchips . | . . . Time . | . . . Total Robot Build Rating . | . . . Part Schematics Acquired 2 | . 2 . Parts Built . | . . . Authchips . | . . . Time . | . . . Total Part Build Rating . | . . . Part Studies Acquired . | . . . Parts Repaired . | . . . Time . | . . . Parts Recycled . | . . . Recycled Matter . | . . . Retrieved Matter . | . . . Retrieved Components . | . . . Parts Scanalyzed . | . . . Part Schematics Acquired . | . . . Parts Damaged . | . . . Bothacking | -11 -10 -10 ------------ Run | Yrd Mat Min Used RIF Installer . | . . . Robots Hacked . | . . . Non-combat . | . . . Combat . | . . . Robot Hacks Applied . | . . . Relay Couplers Released . | . . . Fabnet Peak Effective % . | . . . Robots Rewired . | . . . Allies Hacked . | . . . Hacks Repelled . | . . . Allies | -11 -10 -10 -------- Run | Yrd Mat Min Total Allies 1 | . . 1 Largest Group 1 | . . 1 Highest-Rated Group 31 | . . 31 Highest-Rated Ally 31 | . . 31 Total Orders . | . . . Ally Attacks 10 | . . 10 Total Damage 128 | . . 128 Kills 5 | . . 5 Allies Corrupted . | . . . Allies Melted 1 | . . 1 Intel | -11 -10 -10 ------- Run | Yrd Mat Min Active Infowar (turns) 898 | 15 182 701 Seismic 898 | 15 182 701 Robot Analysis Total 2 | . 1 1 Derelict Logs Recovered 1 | . . 1 Drone Launches . | . . . Drone Recoveries . | . . . Exploration | -11 -10 -10 ------------- Run | Yrd Mat Min Turns Passed 1957 | 52 1191 714 Spaces Moved 906 | 28 537 341 Core 4 | . . 4 Treads . | . . . Legs 902 | 28 537 337 Wheels . | . . . Hover . | . . . Flight . | . . . Fastest Speed 120 | 120 120 190 Average Speed 185 | 120 184 191 Slowest Speed 350 | 120 190 350 Overloaded Moves . | . . . Propulsion Burnouts . | . . . Robots Hopped . | . . . Potential Cave-ins . | . . . Cave-ins Triggered . | . . . Exploration Rate (%) 55 | 4 79 83 Regions Visited 2 Branch Regions 1 Pre-discovered Areas 2 | . 2 . Known Exits Taken . | . . . Unknown Exits Taken 2 | 1 1 . Scrap Searched 1 | . . 1 Spaces Dug . | . . . Terrain Destroyed 100 | . 25 75 Melee . | . . . Projectile . | . . . AOE 100 | . 25 75 Terrain Rammed . | . . . Walls Destroyed . | . . . Machines Disabled . | . . . Actions | -11 -10 -10 --------- Run | Yrd Mat Min Total 1075 | 34 655 386 Wait 50 | . 29 21 Move 904 | 27 536 341 Hop . | . . . Pick Up 18 | . 18 . Fast Attach 4 | 1 2 1 Attach 1 | . 1 . Detach . | . . . Swap 19 | . 10 9 Drop 14 | . 13 1 Fire 63 | 6 46 11 Melee . | . . . Ram . | . . . Kick 2 | . . 2 Crush . | . . . Escape Stasis . | . . . Rewire . | . . . Trap . | . . . Miscellaneous . | . . . Route ------- -11/Scrapyard -10/Materials (discovered 4 exits: [*Mat x2] / *Min x2) -10/Mines (discovered 2 exits: [*Mat x2]) History --------- Turn | Location | Event 20 | -11/Scrapyard | Discovered new exit (range 3) 53 | -11/Scrapyard | Entered Materials 54 | -10/Materials | Met a group of wandering Federalists 316 | -10/Materials | Build established: Mutant 391 | -10/Materials | Discovered new exit (range 10) 662 | -10/Materials | Discovered new exit (range 6) 749 | -10/Materials | Discovered new exit (range 10) 842 | -10/Materials | Discovered new exit (range 7) 902 | -10/Materials | Central database locked down 1244 | -10/Materials | Entered Mines 1275 | -10/Mines | Discovered new exit (range 5) 1334 | -10/Mines | Learned Materials stockpile data 1339 | -10/Mines | Discovered new exit (range 10) 1721 | -10/Mines | Received a Mining Laser from a helpful Derelict 1777 | -10/Mines | Build established: Scavenger-Mutant 1849 | -10/Mines | Assembled infested the area 1946 | -10/Mines | System corruption reached 10% 1947 | -10/Mines | Core integrity fell below 50% 1953 | -10/Mines | Core integrity fell below 20% 1958 | -10/Mines | Destroyed by D-53 Grenadier with Mini Grenade Launcher Last Messages --------------- dispatching Demolisher response squad. 01938_ Kicked T-07 Excavator. 01945_ C-45 Heavy ARC bursts open, deploying its payload. 01945_ D-53 Grenadier unfolds itself. 01945_ Aluminum Leg destroyed. 01945_ Lgt. Ion Engine destroyed. 01945_ Mni. Grenade Launcher destroyed. 01945_ Seismic Detector destroyed. 01945_ Sml. Laser destroyed. 01945_ System corrupted by crushing effect (+1). 01945_ System corrupted by crushing effect (+5). 01946_ Aluminum Leg destroyed. 01946_ as-51382 destroyed. 01946_ Core Extractor disabled. 01951_ System corrupted: Matter fused (-8). 01952_ The unstable cave ceiling collapses. 01952_ as-43804 destroyed. 01957_ as-24324 destroyed. Map ----- +----------------------------------------------------+ | #??????# #?????????????? | | ##??????# #?????????????? | | ##???????###### #?????????????? | | #????????????## #?????????????? | | ????????????## #?????????????? | | ?????????#### #?????????????? | | ????????## #?????????????? | | ???###### ######?????????? | | ???# #?????????? | | ???# ##### #### #?????????? | | ?????????## #??# #?????????? | | ???????#### #??# #?????????? | | ???????# ##??#"#?????????? | | ???????# ##???#%#?????????? | | ???????# ######????#"#?????????? | | ???????# #?????????# #?????????? | | ???????# #???????### ###???????? | | ???????# #???????# # ###?????? | | ???????# #???????# d # #?????? | | ???##### #??#???## d ?????? | | ???# #?## ## #?????? | | ???# #####?# ###???? | | ???# #???### #???? | | ???# #???? # % ##??? | | #### ## ##?? | | ## @ ##? | | ## """?# " " #? | | ######? ""??## ## #? | | ????????"????# ##### ##? | | ?????????????# ## #???## #?? | | ?????????????# ## #????## ##?? | | ?????????????# ## #?????####??? | | ?????????????# ## #???????????? | | ?????????????# ## #???????????? | | ?????????????# #???????????? | | ?????????????# #???????????? | | ?????????????#### #???????????? | | ????????????????# ??????????? | | ????????????????# ?????????? | | ???????????????? ????????? | | ????????????????### ???????? | | ??????????????????? ## #??????? | | ??????????????????? #?###??????? | | ??????????????????? #??????????? | | ??????????????????? ??????????? | | ??????????????????? #??????????? | | ??????????????????? ???????????? | | ??????????????????? ???????????? | | ???????????????????????????????? | | ???????????????????????????????? | +----------------------------------------------------+ Best States ------------- Heat Dissipation 35 Energy Generation 10 Energy Capacity 125 Matter Stores 300 Matter Capacity 300 Sight Range 16 Terrain Scan Density 10 Evasion (%) 55 Item Schematics ----------------- Huge Storage Unit | -10/Materials | Hacked Hcp. Storage Unit | -10/Materials | Hacked Robot Schematics ------------------ None Fabricated ------------ Nothing Repaired ---------- Nothing Studied --------- None Alien Tech Used ----------------- None Achievements -------------- None Challenges ------------ None Game ------ Seed PlexusSiegeRigger Manual? 0 Play Time 00:13:18 Cumulative 112.0 hours Start 2026.02.21 @ 01:57:18 End 2026.02.21 @ 02:07:31 Sessions 1 Manual Loads 0 Difficulty Rogue Special Mode None Game No. 94 Rogue 94 Adventurer 0 Explorer 0 Win Type - Total 14 Types 11/0/1/1/0/0/0/1/0/0 Lore% 52 Gallery% 52 Achievement% 48 Wizard Run 0 Options --------- Layout 2 ASCII 0 Keyboard 1 Movement Numpad Keybinds 0 Fullscreen 2 Font 24/Terminus Map View 50x44 Zoom Use 0% Tactical HUD 1 Map Filters NONE Filters NONE Steam 1 RUN: 8209a2b0-0ce1-44fe-839c-ee8b2ed8c2e9